 Dungeon Crawl Stone Soup version bcrawl-1.17.3 (webtiles) character file.

Game seed: 4992082433112184379

142 Gumption the Sneak (level 5, -2/39 HPs)
             Began as a Human Archaeologist on Oct 24, 2019.
             Killed from afar by an orc wizard (6 damage)
             ... with a magic dart
             ... on level 4 of the Dungeon.
             The game lasted 00:26:12 (3434 turns).

Gumption the Sneak (Human Archaeologist)            Turns: 3434, Time: 00:26:13

Health: -2/39      AC:  7    Str: 12    XL:     5   Next: 50%
Magic:  9/9        EV: 13    Int: 15    God:
Gold:   93         SH:  0    Dex: 11    Spells: 10/10 levels left

rFire    . . .     SeeInvis .   a - +0 whip
rCold    . . .     Gourm    .   (no shield)
rNeg     . . .     Faith    .   r - +1 robe
rPois    .         Spirit   .   c - +1 hat
rElec    .         Reflect  .   t - +0 cloak
rCorr    .         Harm     .   (no gloves)
MR       .....                  d - +1 pair of boots
Stlth    ++........             (no amulet)
HPRegen  0.13/turn              (no ring)
MPRegen  0.11/turn              (no ring)

@: studying Spellcasting
A: no striking features
a: no special abilities


You were on level 4 of the Dungeon.
You were not hungry.

You visited 1 branch of the dungeon, and saw 4 of its levels.

You collected 93 gold pieces.

Inventory:

Hand Weapons
 a - a +0 whip (weapon)
 b - a +0 blowgun
 o - a +0 mace
Missiles
 h - 101 sling bullets
 l - 642 stones
 q - 46 tomahawks (quivered)
 B - 170 poisoned needles
Armour
 c - a +1 hat (worn)
 d - a +1 pair of boots (worn)
 r - a +1 robe (worn)
 t - a +0 cloak (worn)
Jewellery
 m - an uncursed ring of flight {unknown}
 n - an uncursed ring of resist corrosion {unknown}
 x - an uncursed amulet of the acrobat {unknown}
Scrolls
 i - a scroll of teleportation {unknown}
 j - a scroll of identify
 s - 4 scrolls of immolation
 v - a scroll of enchant armour {unknown}
 y - a scroll of fear {unknown}
 z - a scroll of remove curse {unknown}
 C - a scroll of noise {unknown}
Potions
 k - a potion of brilliance
 u - 2 potions of curing
 w - 2 potions of invisibility
 A - a potion of resistance
Books
 g - a manual of Spellcasting
Miscellaneous
 f - an ancient crate
Comestibles
 e - 4 rations {!d}


   Skills:
 + Level 2.4 Fighting
 - Level 2.0 Maces & Flails
 + Level 4.0 Dodging
 + Level 4.4 Stealth
 * Level 3.0 Spellcasting


You had 10 spell levels left.
You didn't know any spells.
Your spell library was empty.

Dungeon Overview and Level Annotations

Branches:
Dungeon (4/12)
 Temple: D:4-7

Altars:

Annotations:
D:3 Ijyb


Message History

The poisoned needle closely misses the orc wizard.
The poisoned needle barely misses the orc priest.
The orc priest calls down the wrath of Beogh upon you.
Beogh smites you!
a - a +0 whip (weapon)
You kill the orc wizard!
Your Dodging skill increases to level 4!
Your Spellcasting skill increases to level 3!
Throwing (i - inventory. (/) - cycle)
q - 47 tomahawks (quivered)
Press: ? - help, Shift-Dir - straight line, f - orc priest
Aim: an orc priest, wielding a +0 flail of holy wrath (heavily wounded)
You throw a tomahawk. The tomahawk hits the orc priest.
The orc priest is heavily wounded.
The orc priest calls down the wrath of Beogh upon you.
Beogh smites you!
* * * LOW HITPOINT WARNING * * *
Okay, then.
The orc wizard casts a spell at you. The magic dart hits you!
You die...

....... # ......
.##. ..... ......
#...#
.....##...######
...........#<..#
...o.......#...#
...........#...#
.###.###@.##..##
...###)###..##..##
.................#
........o........#
....##..##########
... #..# . .....
...... .......


You could see an orc priest and an orc wizard.

Vanquished Creatures
  An orc wizard (D:4)
  3 adders
  An ooze (D:1)
  3 worms
  5 leopard geckos
  2 orcs (D:3)
  3 giant cockroaches
  5 goblins
  10 hobgoblins
  5 jackals
  11 kobolds
  3 quokkas
  9 bats
  4 frilled lizards
  A rat (D:1)
66 creatures vanquished.

Notes
Turn   | Place    | Note
-------+----------+-------------------------------------------
     0 | D:1      | Gumption the Human Archaeologist began the quest for the
                  | Orb.
     0 | D:1      | Reached XP level 1. HP: 15/15 MP: 1/1
   277 | D:1      | Reached XP level 2. HP: 19/21 MP: 2/2
   614 | D:1      | Reached XP level 3. HP: 19/27 MP: 3/3
  1323 | D:2      | Reached skill level 1 in Spellcasting
  1362 | D:2      | Reached XP level 4. HP: 27/33 MP: 4/6
  2349 | D:3      | Noticed Ijyb
  2608 | D:3      | Reached XP level 5. HP: 34/38 MP: 8/8
  3434 | D:4      | Killed from afar by an orc wizard

Skill      XL: |  1  2  3  4  5 |
---------------+----------------+-----
Maces & Flails | 2 |  2.0
Stealth        | 4 |  4.4
Spellcasting   | 1 2 3 |  3.0
Fighting       | 2 |  2.4
Dodging        | 4 |  4.0

Action                   |  1- 3 |  4- 6 || total
-------------------------+-------+-------++-------
Melee: Whip              |   111 |   233 ||   344
 Fire: Blowgun           |       |     8 ||     8
Throw: Stone             |    27 |       ||    27
       Tomahawk          |    24 |    71 ||    95
  Use: Scroll            |       |     6 ||     6
 Stab: Sleeping          |       |     3 ||     3
  Eat: Chunk             |     2 |     5 ||     7
       Ration            |       |     1 ||     1
Armor: Robe              |    32 |    46 ||    78
Dodge: Dodged            |    73 |   110 ||   183
